 Dungeon Crawl Stone Soup version 0.21.1-1-g345015f (webtiles) character file.

47 Mirai the Conjurer (level 3, -1/27 HPs)
             Began as a Draconian Conjurer on Mar 13, 2018.
             Succumbed to a scorpion's poison
             ... on level 2 of the Dungeon.
             The game lasted 00:03:00 (1687 turns).

Mirai the Conjurer (Draconian Conjurer)             Turns: 1687, Time: 00:03:00

Health: -1/27      AC:  5    Str: 15    XL:     3   Next: 48%
Magic:  4/6        EV: 12    Int: 16    God:
Gold:   56         SH:  0    Dex: 11    Spells: 5/6 levels left

rFire    + . .     SeeInvis .   e - +0 hand axe
rCold    + . .     Gourm    .   (no shield)
rNeg     . . .     Faith    .   (armour unavailable)
rPois    .         Spirit   .   (helmet restricted)
rElec    .         Reflect  .   j - scarf {rC+ rF+}
rCorr    .         Harm     .   (no gloves)
MR       .....                  (no boots)
Stlth    ++........             (no amulet)
HPRegen  0.09/turn              (no ring)
MPRegen  0.10/turn              (no ring)

@: mighty, lethally poisoned (-1 -> -15)
A: unfitting armour, cold-blooded, AC +5
a: no special abilities


You were on level 2 of the Dungeon.
You were hungry.

You visited 1 branch of the dungeon, and saw 2 of its levels.

You collected 56 gold pieces.

Inventory:

Hand Weapons
 e - a +0 hand axe (weapon)
Armour
 j - a scarf of resistance (worn)
Scrolls
 g - a scroll of remove curse {unknown}
 i - a scroll of immolation {unknown}
 l - a scroll of enchant armour {unknown}
Potions
 f - 3 potions of curing {unknown}
 h - a potion of heal wounds {unknown}
 k - a potion of brilliance {unknown}
Books
 a - a book of Conjurations

   Spells                             Type                      Level
   a - Magic Dart                     Conjuration                  1
   b - Searing Ray                    Conjuration                  2
   c - Dazzling Spray                 Conjuration/Hexes            3
   d - Fulminant Prism                Conjuration/Hexes            4
   e - Force Lance                    Conjuration/Translocation    4
   f - Iskenderun's Mystic Blast      Conjuration                  4
Comestibles
 b - 2 rations


   Skills:
 + Level 0.7 Fighting
 + Level 1.1 Axes
 + Level 2.2 Dodging
 + Level 2.0 Stealth
 + Level 1.2 Unarmed Combat
 + Level 2.1 Spellcasting
 + Level 4.2 Conjurations


You had 5 spell levels left.
You knew the following spells:

 Your Spells              Type           Power        Failure   Level  Hunger
a - Magic Dart            Conj           ###.         3%          1    #......


Dungeon Overview and Level Annotations

Branches:
Dungeon (2/15)

Altars:


Innate Abilities, Weirdness & Mutations

Your plain brown scales are hard. (AC +5)
You cannot fit into any form of body armour.
You are cold-blooded and may be slowed by cold attacks.


Message History

The jackal bites you but does no damage.
You closely miss the scorpion. You hit the jackal.
You kill the jackal!
The scorpion closely misses you.
You barely miss the scorpion. The scorpion barely misses you. x2
Unknown command.
Casting: Magic Dart
Confirm with . or Enter, or press ? or * to list all spells.
Aiming: Magic Dart
Press: ? - help, Shift-Dir - straight line, f - scorpion
Aim: a scorpion The magic dart hits the scorpion.
The scorpion is lightly wounded.
The scorpion stings you.
* * * LOW HITPOINT WARNING * * *
You are lethally poisoned!
The scorpion poisons you!
It was a potion of might.
You feel very mighty all of a sudden.
You die...

##########
###......>@#
#......<##s#
#.#.#....#.#
..r..h....
#...........#
#..####h.....#
#. #..#.#.# #
#....#.#
#..### #


You could see a scorpion.

Vanquished Creatures
  A gnoll (D:1)
  An ooze (D:1)
  A leopard gecko (D:1)
  3 bats (D:1)
  2 giant cockroaches (D:1)
  3 goblins (D:1)
  3 hobgoblins (D:1)
  7 jackals
  5 frilled lizards (D:1)
  3 kobolds (D:1)
  2 rats
31 creatures vanquished.

Notes
Turn   | Place    | Note
-------+----------+-------------------------------------------
     0 | D:1      | Mirai the Draconian Conjurer began the quest for the Orb.
     0 | D:1      | Reached XP level 1. HP: 14/14 MP: 3/3
   522 | D:1      | Reached XP level 2. HP: 18/20 MP: 5/5
   580 | D:1      | Reached skill level 1 in Unarmed Combat
   833 | D:1      | Reached XP level 3. HP: 24/27 MP: 6/6
  1045 | D:1      | HP: 1/27 [gnoll/halberd (3)]
  1048 | D:1      | Reached skill level 1 in Axes
  1658 | D:2      | Noticed a scorpion
  1686 | D:2      | HP: 1/27 [scorpion (2)]
  1687 | D:2      | Succumbed to a scorpion's poison

Skill      XL: |  1  2  3 |
---------------+----------+-----
Dodging        | 2 |  2.2
Unarmed Combat | 1 |  1.2
Axes           | 1 |  1.1
Stealth        | 2 |  2.0
Fighting       | |  0.7
Spellcasting   | |  2.1
Conjurations   | |  4.2

Action                   || total
-------------------------++-------
Melee: Unarmed           ||    40
       Hand axe          ||    84
       Tailslap          ||     6
 Cast: Magic Dart        ||     6
  Use: Potion            ||     1
 Stab: Sleeping          ||     2
  Eat: Chunk             ||     2
Armor: Skin              ||    60
Dodge: Dodged            ||   130
